 Dungeon Crawl Stone Soup version 0.22-a0-565-gfc6459a (webtiles) character file.

4 Amnesiac the Ducker (level 1, -2/11 HPs)
             Began as a Spriggan Wanderer on June 28, 2018.
             Slain by an adder (3 damage)
             ... on level 3 of the Dungeon.
             The game lasted 00:01:18 (507 turns).

Amnesiac the Ducker (Spriggan Wanderer)              Turns: 507, Time: 00:01:18

Health: -2/11      AC:  2    Str:  9    XL:     1   Next: 58%
Magic:  3/3        EV: 18    Int: 12    God:
Gold:   0          SH:  0    Dex: 15    Spells: 0/0 levels left

rFire    . . .     SeeInvis +   a - +2 falchion
rCold    . . .     Gourm    .   (shield restricted)
rNeg     . . .     Faith    .   c - +0 robe
rPois    .         Spirit   .   (helmet restricted)
rElec    .         Reflect  .   (no cloak)
rCorr    .         Harm     .   (gloves unavailable)
MR       .....                  (boots unavailable)
Stlth    ++........             (no amulet)
HPRegen  0.03/turn              f - ring of see invisible
MPRegen  0.08/turn              (no ring)

@: lethally poisoned (-2 -> -16), very quick
A: very small, unfitting armour, see invisible, herbivore, speed 3, slow
metabolism 2
a: no special abilities


You were on level 3 of the Dungeon.
You were not hungry.

You visited 1 branch of the dungeon, and saw 3 of its levels.

Inventory:

Hand Weapons
 a - a +2 falchion (weapon)
Armour
 c - a +0 robe (worn)
Jewellery
 f - a ring of see invisible (left hand)
Potions
 b - 2 potions of curing {!q}
 e - a potion of heal wounds {!q, unknown}
Comestibles
 d - 3 rations


   Skills:
 - Level 2.4 Fighting
 - Level 1.5 Long Blades
   Level 1.0 Maces & Flails
 + Level 3.2 Dodging
 - Level 1.5 Stealth
   Level 1.3 Evocations


You couldn't memorise any spells.
You didn't know any spells.
Your spell library was empty.

Dungeon Overview and Level Annotations

Branches:
Dungeon (3/15)

Altars:

Annotations:
D:2 Natasha


Innate Abilities, Weirdness & Mutations

You are very small and have problems with some larger weapons.
You are too small for most types of armour.
You have supernaturally acute eyesight. (SInv)
You are a herbivore.
You cover ground extremely quickly.
You need to consume almost no food.


Message History

You barely miss the rat. The rat bites you but does no damage.
The kobold throws a stone.
The stone barely misses you. The rat bites you but does no damage.
You closely miss the rat. The adder completely misses you.
The rat barely misses you.
You riposte.
You hit the rat but do no damage. The adder completely misses you.
You riposte.
You miss the adder.
Natasha, Servant of Life and Death comes into view.
Natasha hisses angrily.
You found a teleport trap!
Really walk into that teleport trap?
You enter a teleport trap!
The teleport trap disappears.
Your surroundings suddenly seem different.
Found a stone staircase leading down.
A goblin comes into view.
The goblin shouts!
There is a stone staircase leading down here.
You climb downwards.
Found a ration.
There is a stone staircase leading up here.
Found a ration.
d - 2 rations (gained 1)
d - 3 rations (gained 1)
A kobold comes into view. It is wielding a short sword.
A kobold is nearby!
Found a short sword.
An adder comes into view.
The adder hisses angrily.
You closely miss the adder. The adder completely misses you.
You riposte.
You hit the adder.
The adder is lightly wounded.
You closely miss the adder.
The adder is lightly wounded.
The adder closely misses you.
You riposte.
You hit the adder.
The adder is moderately wounded.
The adder bites you but does no damage.
You hit the adder.
The adder is moderately wounded.
The adder bites you but does no damage. x2
You miss the adder.
The adder is moderately wounded.
The adder bites you.
You are lethally poisoned!
The adder poisons you! The kobold closely misses you.
You riposte.
You hit the kobold.
You kill the kobold!
You barely miss the adder.
The adder is moderately wounded.
You feel sick. The adder barely misses you. x2
You barely miss the adder.
The adder is moderately wounded.
You feel sick. The adder misses you. The adder closely misses you.
Okay, then.
You hit the adder.
The adder is moderately wounded.
The adder closely misses you.
You hit the adder.
The adder is moderately wounded.
* * * LOW HITPOINT WARNING * * *
You feel sick. The adder bites you.
* * * LOW HITPOINT WARNING * * *
You are more poisoned.
The adder poisons you! The adder bites you.
You die...

.###### ##########
#......##........#
#.#.....#.######.#
#........S..# ##.##
#......)@##.###...##
#.......)##..#.....##
#.......###....<....###
###....###....####....##
...... ##..## #.....##
.###.## #... #..###.# #.
#.. #..# #.# #. #
##.###.# ##...##


You could see an adder.

Vanquished Creatures
  A hobgoblin (D:2)
  A kobold (D:3)
  2 bats (D:1)
  A goblin (D:1)
5 creatures vanquished.

Notes
Turn   | Place    | Note
-------+----------+-------------------------------------------
     0 | D:1      | Amnesiac the Spriggan Wanderer began the quest for the Orb.
     0 | D:1      | Amnesiac set off with: a +2 falchion, 2 potions of curing {!q}, a +0 robe, a ration
     0 | D:1      | Reached XP level 1. HP: 11/11 MP: 3/3
   260 | D:2      | Reached skill level 3 in Dodging
   433 | D:2      | Noticed Natasha
   507 | D:3      | Slain by an adder

Vault maps used:
D:1:      dpeg_arrival_arbitrary_a, minmay_misc_feat_tower
D:2:      chequers_temple_overflow_minitemple, uniq_natasha
D:3:      uniq_crazy_yiuf_cottage, uniq_terence, uniq_grinder, uniq_robin

Skill      XL: |  1 |
---------------+----+-----
Dodging        | 3 |  3.2
Fighting       | |  2.4
Long Blades    | |  1.5
Maces & Flails | |  1.0
Stealth        | |  1.5
Evocations     | |  1.3

Action                   || total
-------------------------++-------
Melee: Falchion          ||    27
Armor: Robe              ||     5
Dodge: Dodged            ||    23
       Rpst.: Falchion   ||    10

Table legend:
 A = Spawn XP
 B = Non-spawn XP
 C = Spawn XP percentage of total XP
 D = Spawn monster count
 E = Non-spawn monster count
 F = Spawn count percentage of total count
 G = Total turns spent on level
                    A         B        C        D         E        F      G
               +---------+---------+-------+---------+---------+-------+---------
         Total |       0 |       7 |   0.0 |       0 |       5 |   0.0 |   507
               +---------+---------+-------+---------+---------+-------+---------
           D:1 |       0 |       3 |   0.0 |       0 |       3 |   0.0 |   217
           D:2 |       0 |       2 |   0.0 |       0 |       1 |   0.0 |   247
           D:3 |       0 |       2 |   0.0 |       0 |       1 |   0.0 |    43
               +---------+---------+-------+---------+---------+-------+---------
